 Dungeon Crawl Stone Soup version 0.31-a0-889-g1a8549509d (webtiles) character file.

Game seed: 15347149538983504042

264 Arex the Changeling (level 6, -4/32 HPs)
             Began as a Vine Stalker Shapeshifter on Oct 16, 2023.
             Slain by an ogre
             ... wielding a +0 giant club
              (13 damage)
             ... on level 4 of the Dungeon.
             The game lasted 00:04:00 (2131 turns).

Arex the Changeling (Vine Stalker Shapeshifter)     Turns: 2131, Time: 00:04:01

Health: -4/32      AC:  8    Str: 18    XL:     6   Next: 19%
Magic:  0/7        EV:  8    Int: 10    God:
Gold:   159        SH:  5    Dex: 14    Spells: 5/5 levels left

rFire   + .          .
                       - Unarmed
rCold   x . .        (no shield)
rNeg    . . .        h - +0 chain mail
rPois   .            (helmet currently unavailable)
rElec   .            (cloak currently unavailable)
rCorr   .            (gloves currently unavailable)
SInv    .            (boots currently unavailable)
Will    .....        n - amulet of reflection Stlth
                     g - ring of fire
HPRegen 1.05/turn    (no ring)
MPRegen 0.10/turn

%: reflection, guardian spirit
@: beast-form
A: beast (slay +2), fangs 2, regeneration 1, magic shield, antimagic bite, no
potion heal 2
a: Begin Untransformation


You were on level 4 of the Dungeon.
You were a hulking beast.
You visited 1 branch of the dungeon, and saw 4 of its levels.

You collected 159 gold pieces.

Inventory:

Armour
 a - a +0 animal skin
 h - a +0 chain mail (worn)
Jewellery
 g - a ring of fire (left hand)
 n - an amulet of reflection (around neck)
Talismans
 c - a beast talisman (active)
 d - a flux talisman
 f - a maw talisman
Scrolls
 e - a scroll of fog {unknown}
 k - a scroll of enchant weapon
 o - a scroll of blinking {unknown}
 p - a scroll of noise {unknown}
 r - 2 scrolls of immolation
Potions
 b - a potion of lignification
 i - a potion of invisibility
 j - a potion of cancellation
 l - a potion of attraction {unknown}
 m - a potion of enlightenment
 q - a potion of degeneration


   Skills:
 + Level 2.4 Fighting
 + Level 1.9 Armour
 - Level 1.5 Dodging
 + Level 3.9 Unarmed Combat
 * Level 4.6 Shapeshifting


You had 5 spell levels left.
You didn't know any spells.
Your spell library contained the following spells:

 Spells                   Type           Power      Damage    Failure   Level
 Foxfire                  Conj/Fire      0%         2x1d4     98%         1
 Magic Dart               Conj           0%         1d3       98%         1
 Static Discharge         Conj/Air       0%         2-2/arc   99%         2
 Freezing Cloud           Conj/Ice/Air   0%         6-21      100%        5


Dungeon Overview and Level Annotations

Branches:
Dungeon (4/15)
 Temple: D:4-7

Altars:
Cheibriados


Innate Abilities, Weirdness & Mutations

You are a hulking beast.
Your limbs bulge with bestial killing power. (Slay +2)
You have extremely sharp teeth.
Your natural rate of healing is unusually fast.
When hurt, damage is shared between your health and your magic reserves.
Your bite disrupts and absorbs the magic of your enemies.
Potions cannot restore your health.


Message History

No target in view!
No target in view!
No target in view!
You now have 159 gold pieces (gained 8).
Blork the orc comes into view.
He is wielding a +1 long sword of holy wrath.
You hit Blork the orc but do no damage. You bite Blork the orc.
Blork the orc's magic leaks into the air.
You drain his magic.
Blork the orc is lightly wounded.
You block Blork the orc's attack.
You closely miss Blork the orc. Your bite misses Blork the orc.
Blork the orc is lightly wounded.
Blork the orc closely misses you.
You hit Blork the orc but do no damage. You bite Blork the orc.
Blork the orc's magic leaks into the air.
You drain his magic.
Blork the orc is moderately wounded.
Blork the orc hits you with a +1 long sword of holy wrath.
You punch Blork the orc! Your bite misses Blork the orc.
Blork the orc is heavily wounded.
You hit Blork the orc. Your bite misses Blork the orc.
Blork the orc is severely wounded.
Blork the orc closely misses you.
You barely miss Blork the orc. You bite Blork the orc.
Blork the orc's magic leaks into the air.
You drain his magic.
You feel invigorated.
Blork the orc is almost dead.
Blork the orc falters for a moment.
You punch Blork the orc!
You kill Blork the orc!
You have reached level 6!
Things that are here:
a +1 long sword of holy wrath; a +0 robe; the orc corpse of Blork the orc An ogre is nearby!
You barely miss the ogre.
The ogre hits you with a +0 giant club!!
Ouch! That really hurt!
* * * LOW HITPOINT WARNING * * *
The ogre attacks as it pursues you! The ogre hits you with a +0 giant club!
You die...

#...# #.###.#.# .##
#...###### #.# #.#)#
...###........# #.# #.#.#
..............###.###....
..................##..#.
.............###.###..).
.###...####.# ### #.###
#....)...# ...# #
#..h###### #.### #..O#
... ##)## ## ## ####.####
...##.......#
#.........#.#
##..##.....#.####
#...............#
#.......####.##.######


You could see an ogre.

Vanquished Creatures
  Blork the orc (D:4)
  An orc priest (D:3)
  An orc wizard (D:3)
  4 gnolls
  An adder (D:4)
  2 worms
  A dart slug (D:3)
  9 orcs
  8 endoplasms
  4 giant cockroaches
  12 goblins
  3 hobgoblins
  4 jackals (D:1)
  5 kobolds
  A quokka (D:3)
  8 ball pythons
  3 bats
  7 frilled lizards
  8 rats
83 creatures vanquished.

Notes
Turn   | Place    | Note
-------+----------+-------------------------------------------
     0 | D:1      | Arex the Vine Stalker Shapeshifter began the quest for the
                  | Orb.
     0 | D:1      | Reached XP level 1. HP: 9/9 MP: 2/2
   103 | D:1      | Reached skill level 1 in Fighting
   287 | D:1      | Reached XP level 2. HP: 14/14 MP: 3/3
   540 | D:1      | Reached XP level 3. HP: 17/18 MP: 1/4
   854 | D:2      | Identified the of Qaggoj
  1030 | D:2      | Found a faded altar of an unknown god.
  1357 | D:3      | Reached skill level 1 in Armour
  1391 | D:3      | Reached XP level 4. HP: 21/22 MP: 5/5
  1433 | D:3      | Found a snail-covered altar of Cheibriados.
  1490 | D:3      | Reached skill level 4 in Shapeshifting
  1505 | D:2      | Reached XP level 5. HP: 26/26 MP: 3/6
  1965 | D:4      | Noticed an ogre
  2111 | D:4      | Noticed Blork the orc
  2125 | D:4      | Killed Blork the orc
  2126 | D:4      | Reached XP level 6. HP: 32/32 MP: 7/7
  2131 | D:4      | Slain by an ogre

Illustrated notes

Levels and vault maps discovered:
D:1:      dpeg_arrival_solitude, layout_loops_ring
D:2:      layout_rooms, shapermc_ecumenical_altar_notcrosses, nicolae_the_louvre
D:3:      layout_rooms, cheibriados_altar_1
D:4:      layout_loops_cross, uniq_blork_the_orc

Skill      XL: |  1  2  3  4  5 |
---------------+----------------+-----
Fighting       | 1 2 |  2.4
Armour         | 1 |  1.9
Shapeshifting  | 4 |  4.6
Dodging        | |  1.5
Unarmed Combat | |  3.9

Action                     |  1- 3 |  4- 6 || total
---------------------------+-------+-------++-------
  Melee: Unarmed           |   111 |    92 ||   203
         Bite              |    24 |    21 ||    45
         Punch             |     3 |     1 ||     4
    Use: Scroll            |     3 |     3 ||     6
   Stab: Sleeping          |     2 |       ||     2
 Armour: Animal skin       |    39 |       ||    39
         Chain mail        |    10 |    81 ||    91
         Skin              |     1 |       ||     1
  Dodge: Dodged            |    63 |    41 ||   104
  Block: Other             |     1 |    37 ||    38

Table legend: (Time is in decaauts)
 A = Elapsed time spent in this place.
 B = Non-inter-level travel time spent in this place.
 C = Inter-level travel time spent in this place.
 D = Time resting spent in this place.
 E = Time spent auto-exploring this place.
 F = Levels seen in this place.
 G = Mean time per level.
                   A        B        C        D        E       F      G
               +--------+--------+--------+--------+--------+-----+--------+
         Total |   2123 |   1931 |    192 |     22 |   1345 |   4 |  530.8 |
       Dungeon |   2123 |   1931 |    192 |     22 |   1345 |   4 |  530.8 |
               +--------+--------+--------+--------+--------+-----+--------+

Top non-repeatable levels by time:
     D:1: 882 daAuts
     D:3: 525 daAuts
     D:2: 505 daAuts
     D:4: 210 daAuts
